 Dungeon Crawl Stone Soup version 0.31.0-11-ge490571c62 (webtiles) character file.

Game seed: 12520463181880518226

6121 qw the Nimble (level 10, -3/49 HPs)
             Began as a Spriggan Hunter on Feb 4, 2024.
             Was a High Priest of Okawaru.
             Slain by a wolf (9 damage)
             ... on level 1 of the Lair of Beasts.
             The game lasted 00:00:31 (6032 turns).

qw the Nimble (Spriggan Hunter)                     Turns: 6032, Time: 00:00:31

Health: -3/49      AC:  6    Str:  4    XL:     10   Next: 59%
Magic:  16/16      EV: 29    Int: 10    God:    Okawaru [*****.]
Gold:   246        SH:  0    Dex: 24    Spells: 9/9 levels left

rFire   . . .        q - +1 orcbow
rCold   + . .        (shield currently unavailable)
rNeg    + . .        t - +2 robe {rC+}
rPois   +            (helmet restricted)
rElec   .            h - +0 cloak "Oxky Mis" {Fly rPois Str-3}
rCorr   .            (gloves unavailable)
SInv    +            (boots unavailable)
Will    +....        r - amulet of faith
Stlth   ++           k - +4 ring of slaying {mikee}
HPRegen 0.28/turn    n - ring of positive energy
MPRegen 0.15/turn

%: faith
@: about to teleport, flying, very quick
A: very small, no large weapons, unfitting armour, see invisible, speed 3,
shaggy fur 1, subdued magic 1
a: Renounce Religion, Heroism, Finesse, Duel


You were on level 1 of the Lair of Beasts.
You worshipped Okawaru.
Okawaru was extremely pleased with you.
You visited 2 branches of the dungeon, and saw 9 of its levels.

You collected 434 gold pieces.
You spent 188 gold pieces at shops.


Innate Abilities, Weirdness & Mutations

You are very small and have problems with some larger weapons.
You are too small for most types of armour.
You have supernaturally acute eyesight. (SInv)
You cover ground extremely quickly. (Speed+++)
You are covered in fur. (AC +1)
Your spells are a little easier to cast, but a little less powerful.


   Skills:
 - Level 4.0 Fighting
 + Level 11.3 Ranged Weapons
 - Level 12.0 Dodging
 - Level 1.5 Stealth
 + Level 6.8 Invocations


You had 9 spell levels left.
You didn't know any spells.
Your spell library was empty.

Inventory:

Hand Weapons
 q - a +1 orcbow (weapon)
Armour
 a - a +2 robe of positive energy
 h - the +0 cloak "Oxky Mis" (worn) {Fly rPois Str-3}
   (You found it on level 4 of the Dungeon)

   Str-3:     It affects your strength (-3).
   rPois:     It protects you from poison Fly: It grants you flight.
 t - a +2 robe of cold resistance (worn)
 v - a +0 cloak
Jewellery
 k - a +4 ring of slaying (left hand) {mikee}
 n - a ring of positive energy (right hand)
 p - a ring of ice
 r - an amulet of faith (around neck)
Wands
 m - a wand of paralysis (20)
Scrolls
 b - a scroll of teleportation
 c - a scroll of enchant armour
 f - 2 scrolls of identify
 i - a scroll of torment {unknown}
Potions
 d - 3 potions of curing
 e - 4 potions of heal wounds
 g - 3 potions of mutation
 j - a potion of might
 u - a potion of cancellation

Dungeon Overview and Level Annotations

Branches:
Dungeon (8/15)             Temple (0/1) D:7            Lair (1/5) D:8

Altars:
Elyvilon
Okawaru
Xom
Yredelemnul

Shops:
D:8 *


Message History

You shoot an arrow. The arrow closely misses the wolf.
The wolf completely misses you.
You shoot an arrow. The arrow closely misses the wolf.
The wolf bites you! The wolf completely misses you.
You shoot an arrow. The arrow hits the wolf.
The wolf is moderately wounded.
The wolf misses you.
You shoot an arrow. The arrow closely misses the wolf.
The wolf barely misses you. x2
You shoot an arrow. The arrow closely misses the wolf.
The wolf completely misses you. x2
You shoot an arrow. The arrow barely misses the wolf.
The wolf closely misses you.
You shoot an arrow. The arrow hits the wolf.
The wolf is moderately wounded.
The wolf completely misses you. The wolf closely misses you.
You shoot an arrow. The arrow hits the wolf!
You kill the wolf!
Okawaru accepts your kill.
You start resting.
A wolf comes into view.
You shoot an arrow. The arrow barely misses the wolf.
The wolf howls!
You shoot an arrow. The arrow hits the wolf!
The wolf is severely wounded.
You hear a howl!
A wolf comes into view.
You shoot an arrow. The arrow misses the wolf.
You shoot an arrow. The arrow hits the wolf!
The wolf is severely wounded.
The wolf barely misses you.
You shoot an arrow. The arrow closely misses the wolf.
The wolf bites you!
You shoot an arrow. The arrow misses the wolf.
The wolf bites you! The wolf closely misses you.
6032 ||| READING 2 scrolls of teleportation.
As you read the scroll of teleportation, it crumbles to dust.
You feel strangely unstable.
The wolf completely misses you. x2; The wolf bites you!
You die...

....... ###........#
.......#######...+...#..#
.................#......#
.................#...#..#
..........P.###....##...#
#######..#### #.........#
... #......#..#
#....####..
....#......#%## #...## .#
....#......#@# #...#
..$.......hh# ...P
...P......P.##
.#......#..### ..
#......P.....
....#.............
........#.##.......
...................
.P##..#............


You could see 2 wolves.

Vanquished Creatures
  A two-headed ogre (D:8)
  A black mamba (Lair:1)
  2 komodo dragons (Lair:1)
  Grinder (D:4)
  Prince Ribbit (D:8)
  2 yaks (Lair:1)
  A wyvern (D:8)
  A water moccasin (D:6)
  3 sky beasts
  An ice beast (D:7)
  A black bear (D:6)
  3 wolves (Lair:1)
  2 centaurs
  An ogre (D:6)
  A phantom (D:7)
  A kobold brigand (D:8)
  5 bullfrogs
  5 scorpions
  17 wights
  4 killer bees (D:8)
  5 howler monkeys
  3 bombardier beetles
  A jelly (D:5)
  2 hounds
  3 orc priests
  A gnoll bouda (D:5)
  3 sleepcaps
  2 iguanas
  7 orc wizards
  11 gnolls
  2 adders (D:5)
  A shadow imp (D:6)
  2 white imps
  2 ufetubi (D:6)
  5 ribbon worms
  5 dart slugs
  8 orcs
  2 ball pythons (D:2)
  11 endoplasms
  2 giant cockroaches (D:2)
  8 goblins
  6 hobgoblins
  6 jackals
  5 quokkas
  5 bats
  A frilled lizard (D:1)
  17 kobolds
  7 rats
187 creatures vanquished.

Notes
Turn   | Place    | Note
-------+----------+-------------------------------------------
     0 | D:1      | qw the Spriggan Hunter began the quest for the Orb.
     0 | D:1      | Reached XP level 1. HP: 10/10 MP: 2/2
     0 | D:1      | 0 ||| qw: Version: 0.3-a-160-g6735b56
     0 | D:1      | 0 ||| qw: Game counter: 4418
     0 | D:1      | 0 ||| qw: Melee chars always use a shield: true
     0 | D:1      | 0 ||| qw: God list: Okawaru
     0 | D:1      | 0 ||| qw: Allow faded altars: false
     0 | D:1      | 0 ||| qw: Do Orc after clearing Dungeon:15 true
     0 | D:1      | 0 ||| qw: Do second Lair branch before Depths: true
     0 | D:1      | 0 ||| qw: Lair rune preference: random
     0 | D:1      | 0 ||| qw: Goals: Normal
     0 | D:1      | 0 ||| PLANNING D:1-11
    99 | D:1      | Reached skill level 3 in Dodging
   246 | D:1      | Reached XP level 2. HP: 14/14 MP: 3/3
   311 | D:1      | Reached skill level 4 in Dodging
   849 | D:1      | 849 ||| UPGRADING to +4 ring of slaying {mikee}.
   850 | D:1      | 850 ||| READING scroll labelled ILUSE JEOT.
   851 | D:1      | 851 ||| READING scroll labelled ONWANK ATYUPO.
   952 | D:1      | 952 ||| READING scroll labelled YNIODA HIHIT.
   956 | D:1      | 956 ||| DRINKING 2 sedimented purple potions.
   956 | D:1      | Gained mutation: Your spells are a little easier to cast,
                  | but a little less powerful. [potion of mutation]
   956 | D:1      | Gained mutation: You are covered in fur. (AC +1) [potion of
                  | mutation]
   957 | D:1      | 957 ||| DROPPING scroll of butterflies.
   986 | D:2      | 986 ||| STAIRDANCE
   988 | D:1      | HP: 2/14 [kobold/+2 whip of electrocution (10)]
  1045 | D:2      | 1045 ||| STAIRDANCE
  1049 | D:1      | Reached XP level 3. HP: 18/18 MP: 4/4
  1256 | D:2      | Found a shimmering altar of Xom.
  1310 | D:2      | Reached XP level 4. HP: 22/22 MP: 5/5
  1580 | D:2      | 1580 ||| DROPPING ring of wizardry.
  1581 | D:2      | 1581 ||| READING scroll labelled LYCIGY GUWKEO.
  1581 | D:2      | 1581 ||| ENCHANTING +0 shortbow.
  1582 | D:2      | 1582 ||| DRINKING 2 puce potions.
  1672 | D:3      | Reached skill level 5 in Dodging
  1672 | D:3      | Reached XP level 5. HP: 25/25 MP: 6/6
  1943 | D:3      | 1943 ||| DRINKING 2 yellow potions.
  2273 | D:4      | 2273 ||| STAIRDANCE
  2285 | D:4      | 2285 ||| STAIRDANCE
  2291 | D:4      | 2291 ||| STAIRDANCE
  2405 | D:4      | Reached XP level 6. HP: 31/31 MP: 7/7
  2471 | D:4      | Noticed Grinder
  2472 | D:4      | 2472 ||| DRINKING potion of haste.
  2483 | D:4      | Killed Grinder
  2484 | D:4      | 2484 ||| FLEEEEING.
  2489 | D:4      | Reached skill level 6 in Dodging
  2489 | D:4      | Reached XP level 7. HP: 32/35 MP: 8/8
  2527 | D:4      | Identified the +0 cloak "Oxky Mis" {Fly rPois Str-3}
  2646 | D:4      | 2646 ||| UPGRADING to +0 cloak "Oxky Mis" {Fly rPois
                  | Str-3}.
  2651 | D:4      | 2651 ||| UPGRADING to ring of positive energy.
  2652 | D:4      | 2652 ||| READING scroll labelled MIARAM MECHO.
  2653 | D:4      | 2653 ||| READING scroll labelled LIRAES DERROKK.
  2653 | D:4      | 2653 ||| ENCHANTING +1 shortbow.
  2654 | D:4      | 2654 ||| READING scroll labelled ORARYN QISOCOF.
  2755 | D:4      | 2755 ||| DRINKING 2 emerald potions.
  2784 | D:5      | Entered Level 5 of the Dungeon
  2885 | D:5      | Reached skill level 7 in Dodging
  2920 | D:5      | 2920 ||| FLEEEEING.
  2921 | D:5      | 2921 ||| FLEEEEING.
  2974 | D:5      | Found an iron altar of Okawaru.
  2975 | D:5      | 2975 ||| PLANNING OKAWARU WORSHIP
  2981 | D:5      | Became a worshipper of Warmaster Okawaru
  2982 | D:5      | 2982 ||| PLANNING D:1-11
  2984 | D:5      | Identified the +6 spear "Cookie Cutter" {pain, rElec Dex+2}
  3485 | D:5      | 3485 ||| READING scroll labelled PYDUAST AK PACW.
  3485 | D:5      | 3485 ||| IDENTIFYING orange potion
  3486 | D:5      | 3486 ||| DROPPING potion of brilliance.
  3548 | D:6      | Reached XP level 8. HP: 39/39 MP: 9/9
  3554 | D:6      | 3554 ||| RETREEEEATING.
  3560 | D:6      | Reached skill level 8 in Dodging
  3563 | D:6      | Reached * piety under Okawaru
  3571 | D:6      | Reached skill level 3 in Fighting
  3571 | D:6      | Reached skill level 1 in Invocations
  3840 | D:6      | Reached skill level 3 in Invocations
  3859 | D:6      | Reached ** piety under Okawaru
  3878 | D:6      | Found a white marble altar of Elyvilon.
  3939 | D:6      | Reached skill level 9 in Ranged Weapons
  3985 | D:6      | Found a basalt altar of Yredelemnul.
  4195 | D:6      | Reached skill level 9 in Dodging
  4195 | D:6      | Reached XP level 9. HP: 28/44 MP: 13/13
  4447 | D:6      | 4447 ||| READING 2 scrolls of identify.
  4447 | D:6      | 4447 ||| IDENTIFYING ruby potion
  4448 | D:6      | 4448 ||| READING scroll of identify.
  4448 | D:6      | 4448 ||| IDENTIFYING blue potion
  4449 | D:6      | 4449 ||| READING scroll labelled CIALI WA TATT.
  4450 | D:6      | 4450 ||| READING scroll labelled QEYHAOSMIR.
  4451 | D:6      | 4451 ||| DROPPING potion of attraction.
  4557 | D:7      | Found a staircase to the Ecumenical Temple.
  4560 | D:7      | Identified the +0 robe "Wieweopt" {Archmagi}
  4583 | D:7      | Reached skill level 10 in Dodging
  4648 | D:7      | 4648 ||| SWAPPING to +0 orcbow.
  4649 | D:7      | 4649 ||| DROPPING +1 shortbow.
  4906 | D:7      | Reached *** piety under Okawaru
  5078 | D:7      | 5078 ||| DROPPING +0 robe "Wieweopt" {Archmagi}.
  5079 | D:7      | 5079 ||| UPGRADING to +2 robe of cold resistance.
  5089 | D:7      | 5089 ||| DROPPING +0 robe.
  5090 | D:7      | 5090 ||| UPGRADING to amulet of faith.
  5095 | D:7      | 5095 ||| DROPPING ring of magical power.
  5096 | D:7      | 5096 ||| READING 3 scrolls of identify.
  5096 | D:7      | 5096 ||| IDENTIFYING brown potion
  5097 | D:7      | 5097 ||| READING 2 scrolls of identify.
  5097 | D:7      | 5097 ||| IDENTIFYING murky ruby potion
  5098 | D:7      | 5098 ||| READING scroll of identify.
  5098 | D:7      | 5098 ||| IDENTIFYING 2 grey potions
  5099 | D:7      | 5099 ||| READING scroll labelled PAFIGHOFUG.
  5100 | D:7      | 5100 ||| DROPPING potion of invisibility.
  5101 | D:7      | 5101 ||| DROPPING 2 potions of degeneration.
  5116 | D:8      | Found Zoir's General Store.
  5130 | D:8      | Reached skill level 11 in Dodging
  5171 | D:8      | 5171 ||| BUYING potion of heal wounds (65 gold).
  5171 | D:8      | Bought a potion of heal wounds for 65 gold pieces
  5171 | D:8      | 5171 ||| SHOPLISTING ring "Buorum" {rElec rF+ Str+2} (561
                  | gold, have 301).
  5171 | D:8      | 5171 ||| BUYING scroll of enchant armour (97 gold).
  5171 | D:8      | Bought a scroll of enchant armour for 97 gold pieces
  5171 | D:8      | 5171 ||| BUYING scroll of identify (26 gold).
  5171 | D:8      | Bought a scroll of identify for 26 gold pieces
  5282 | D:8      | 5282 ||| RETREEEEATING.
  5283 | D:8      | 5283 ||| RETREEEEATING.
  5284 | D:8      | 5284 ||| RETREEEEATING.
  5285 | D:8      | 5285 ||| RETREEEEATING.
  5287 | D:8      | 5287 ||| RETREEEEATING.
  5290 | D:8      | Reached **** piety under Okawaru
  5327 | D:8      | Noticed Prince Ribbit
  5341 | D:8      | 5341 ||| RETREEEEATING.
  5343 | D:8      | 5343 ||| RETREEEEATING.
  5344 | D:8      | 5344 ||| RETREEEEATING.
  5345 | D:8      | 5345 ||| RETREEEEATING.
  5352 | D:8      | Reached XP level 10. HP: 40/49 MP: 14/14
  5361 | D:8      | Killed Prince Ribbit
  5400 | D:8      | Found a staircase to the Lair.
  5485 | D:8      | Noticed a two-headed ogre
  5486 | D:8      | 5486 ||| INVOKING Finesse.
  5492 | D:8      | Killed a two-headed ogre
  5701 | D:8      | 5701 ||| PLANNING LAIR
  5701 | D:8      | 5701 ||| READING 3 scrolls of identify.
  5701 | D:8      | 5701 ||| IDENTIFYING scroll labelled QUOCUIC DULO
  5702 | D:8      | 5702 ||| DROPPING scroll of blinking.
  5735 | Lair:1   | Entered Level 1 of the Lair of Beasts
  5806 | Lair:1   | 5806 ||| RETREEEEATING.
  5807 | Lair:1   | 5807 ||| RETREEEEATING.
  5810 | Lair:1   | 5810 ||| RETREEEEATING.
  5811 | Lair:1   | 5811 ||| RETREEEEATING.
  5833 | Lair:1   | Reached skill level 6 in Invocations
  5920 | Lair:1   | Reached ***** piety under Okawaru
  5949 | Lair:1   | Noticed a black mamba
  5950 | Lair:1   | 5950 ||| INVOKING Finesse.
  5963 | Lair:1   | Killed a black mamba
  5991 | Lair:1   | 5991 ||| READING scroll of enchant weapon.
  5991 | Lair:1   | 5991 ||| ENCHANTING +0 orcbow.
  5995 | Lair:1   | 5995 ||| RETREEEEATING.
  5996 | Lair:1   | 5996 ||| RETREEEEATING.
  5997 | Lair:1   | 5997 ||| RETREEEEATING.
  5998 | Lair:1   | 5998 ||| RETREEEEATING.
  5999 | Lair:1   | 5999 ||| RETREEEEATING.
  6000 | Lair:1   | 6000 ||| RETREEEEATING.
  6001 | Lair:1   | 6001 ||| RETREEEEATING.
  6003 | Lair:1   | 6003 ||| RETREEEEATING.
  6009 | Lair:1   | Reached skill level 12 in Dodging
  6031 | Lair:1   | HP: 6/49 [wolf (9)]
  6032 | Lair:1   | 6032 ||| READING 2 scrolls of teleportation.
  6032 | Lair:1   | Slain by a wolf

Levels and vault maps discovered:
D:1:      evilmike_arrival_rings, layout_loops_corners, minmay_distorted
D:2:      layout_rooms, serial_corexii_hall, chequers_hall_statues_wall_a,
          chequers_hall_statues_y, basic_altar, minmay_pentomino_v2
D:3:      layout_loops_ring, chequers_serial_rivers_room_a, nrook_loot_triangle,
          grunt_decor_cap
D:4:      layout_rooms, uniq_grinder
D:5:      layout_basic, okawaru_ov_weapons_minmay
D:6:      layout_loops_ring, kennysheep_ying_yang, kennysheep_nondescript
D:7:      layout_rooms, minmay_temple_entry_gardened_gates, billiards_dpeg
D:8:      layout_rooms, lair_entry_dummy, serial_shops, shop, minmay_microvault,
          uniq_prince_ribbit1
Lair:1:   layout_chaotic_city, chequers_serial_rivers_room_b

Skill      XL: |  1  2  3  4  5  6  7  8  9 10 |
---------------+-------------------------------+-----
Dodging        | 3 4 5 6 7 9 11 12 | 12.0
Ranged Weapons | 5 7 8 9 10 11 | 11.3
Fighting       | 2 3 4 |  4.0
Invocations    | 4 6 |  6.8
Stealth        | |  1.5

Action                     |  1- 3 |  4- 6 |  7- 9 | 10-12 || total
---------------------------+-------+-------+-------+-------++-------
   Fire: Shortbow          |   117 |    98 |   214 |       ||   429
         Orcbow            |       |       |   133 |    81 ||   214
 Invoke: Finesse           |       |       |       |     2 ||     2
    Use: Scroll            |     3 |     1 |    12 |     3 ||    19
         Potion            |     1 |     3 |     1 |       ||     5
 Armour: Robe              |     8 |     2 |    24 |    14 ||    48
  Dodge: Dodged            |    29 |    31 |   121 |    47 ||   228

Table legend:
 A = Non-vault XP
 B = Vault XP
 C = Vault XP percentage of total XP
 D = Non-vault monster count
 E = Vault monster count
 F = Vault count percentage of total count
                 A         B        C        D         E       F
            +---------+---------+-------+---------+---------+-------
      Total |    7175 |    1570 |  18.0 |     176 |      11 |   5.9
            +---------+---------+-------+---------+---------+-------
        D:1 |      37 |       2 |   5.1 |      23 |       2 |   8.0
        D:2 |      90 |       6 |   6.2 |      25 |       2 |   7.4
        D:3 |     173 |       0 |   0.0 |      23 |       0 |   0.0
        D:4 |     287 |     272 |  48.7 |      15 |       1 |   6.2
        D:5 |     428 |       0 |   0.0 |      16 |       0 |   0.0
        D:6 |    1550 |       0 |   0.0 |      25 |       0 |   0.0
        D:7 |    1446 |     204 |  12.4 |      20 |       4 |  16.7
        D:8 |    1247 |    1086 |  46.5 |      21 |       2 |   8.7
     Lair:1 |    1917 |       0 |   0.0 |       8 |       0 |   0.0
            +---------+---------+-------+---------+---------+-------
